 Dungeon Crawl Stone Soup version 0.32-a0-913-g739538afd8 (webtiles) character file.

Game seed: 3264221717444574521

517932 Picsou the Impregnable (level 24, -1/234 HPs)
             Began as a Minotaur Berserker on Apr 9, 2024.
             Was the Champion of Trog.
             Slain by an ironbound convoker
             ... wielding a +0 flail
              (23 damage)
             ... while paralysed by a dread lich
             ... on level 5 of the Vaults.
             The game lasted 04:41:42 (50868 turns).

Picsou the Impregnable (Minotaur Berserker)        Turns: 50868, Time: 04:41:43

Health: -1/234     AC: 29    Str: 26    XL:     24   Next: 55%
Magic:  18/22      EV:  2    Int:  7    God:    Trog [******]
Gold:   2814       SH:  0    Dex: 43    Spells: 23/23 levels left

rFire   + . .        H - +9 broad axe (vamp)
rCold   + + .        Y - +2 tower shield {rPois}
rNeg    + + +        I - +10 scale mail of Odiec {Dex+7}
rPois   +            x - -2 hat of the Alchemist {rElec rPois rF+ rC+ rN+ Will+ rMut rCorr}
rElec   +            n - scarf {repulsion}
rCorr   +            a - +2 pair of gloves {Dex+3}
SInv    .            b - +2 pair of boots of the Hundredfold Yaks {Int+3 Dex+4}
Will    ++...        L - amulet of reflection
Stlth   ++           F - ring of Kanweg {Fly rPois rN++ Dex+6}
HPRegen 0.59/turn    t - ring of Rohy {rC+ Dex+5}
MPRegen 0.18/turn

%: repel missiles, reflection, resist mutation
@: paralysed, flying, constricted
A: horns 2, retaliatory headbutt
}: 2/15 runes: decaying, serpentine
a: Renounce Religion, Berserk, Trog's Hand, Brothers in Arms


You were on level 5 of the Vaults.
You worshipped Trog.
Trog was exalted by your worship.
You visited 8 branches of the dungeon, and saw 42 of its levels.
You visited 1 bazaar.
You also visited: Ossuary, Bailey, Gauntlet, Ice Cave, Volcano and Desolation.

You collected 6172 gold pieces.
You spent 3358 gold pieces at shops.

Inventory:

Hand Weapons
 c - a +9 broad axe of flaming
 e - a +2 sacred scourge of holy wrath
 s - the +8 trishula "Condemnation" {holy, anguish, *Noise Fly rN+}
   (You found it on level 3 of the Elven Halls)

   rN+:       It protects you from negative energy.
   Fly:       It grants you flight.
   *Noise:    It may make a loud noise when swung.
 H - a +9 vampiric broad axe (weapon)
 S - the +7 hand cannon "Mule" {flame, backblast, rF+}
   (You took it off a minotaur in a Gauntlet)

   rF+:       It protects you from fire.
 U - the +1 eveningstar "Brilliance" {foul flame, Umbra}
   (You found it on level 1 of the Orcish Mines)

   Umbra:     It surrounds you with an aura of shadow, increasing your stealth
   and reducing the accuracy of all others within it.
Armour
 a - a +2 pair of gloves of dexterity (worn)
 b - the +2 pair of boots of the Hundredfold Yaks (worn) {Int+3 Dex+4}
   (You acquired it in a bailey)

   Int+3:     It affects your intelligence (+3).
   Dex+4:     It affects your dexterity (+4).
 n - a scarf of repulsion (worn)
 r - +4 storm dragon scales {Bai Suzhen}
 x - the -2 hat of the Alchemist (worn) {rElec rPois rF+ rC+ rN+ Will+ rMut rCorr}
   (You found it on level 1 of the Snake Pit)

   rF+:       It protects you from fire.
   rC+:       It protects you from cold.
   rElec:     It insulates you from electricity.
   rPois:     It protects you from poison.
   rN+:       It protects you from negative energy.
   Will+:     It increases your willpower.
   rCorr:     It protects you from acid and corrosion.
   rMut:      It protects you from mutation.
 I - the +10 scale mail of Odiec (worn) {Dex+7}
   (You found it on level 3 of the Vaults)

   Dex+7:     It affects your dexterity (+7).
 V - the +5 plate armour of Qetausia {Will+ Regen+ Int+3 Dex-5}
   (You found it on level 1 of the Orcish Mines)

   Int+3:     It affects your intelligence (+3).
   Dex-5:     It affects your dexterity (-5).
   Will+:     It increases your willpower.
   Regen+:    It increases your rate of health regeneration.
 Y - a +2 tower shield of poison resistance (worn)
Jewellery
 h - a +6 ring of strength
 t - the ring of Rohy (right hand) {rC+ Dex+5}
   (You found it in the Desolation of Salt)

   [ring of protection from cold]

   Dex+5:     It affects your dexterity (+5).
   rC+:       It protects you from cold.
 z - the ring "Sioge" {rC+ rN+ AC+4 Stlth+}
   (You found it in the Desolation of Salt)

   [ring of protection]

   AC+4:      It affects your AC (+4).
   rC+:       It protects you from cold.
   rN+:       It protects you from negative energy.
   Stlth+:    It makes you more stealthy.
 F - the ring of Kanweg (left hand) {Fly rPois rN++ Dex+6}
   (You bought it in a shop on level 4 of the Snake Pit)

   [ring of dexterity]

   Dex+6:     It affects your dexterity (+6).
   rPois:     It protects you from poison.
   rN++:      It greatly protects you from negative energy.
   Fly:       It grants you flight.
 K - a ring of see invisible
 L - an amulet of reflection (around neck)
 N - an amulet of regeneration
 Z - the ring of Asceticism {rElec AC+4 Dex+3 Stlth+}
   (You found it in the Desolation of Salt)

   [ring of protection]

   AC+4:      It affects your AC (+4).
   Dex+3:     It affects your dexterity (+3).
   rElec:     It insulates you from electricity.
   Stlth+:    It makes you more stealthy.
Wands
 d - a wand of warping (27)
 u - a wand of paralysis (61)
 C - a wand of quicksilver (18)
 J - a wand of mindburst (30)
 T - a wand of digging (13)
 X - a wand of flame (27)
Scrolls
 f - 8 scrolls of poison
 j - 2 scrolls of brand weapon
 k - 24 scrolls of identify
 l - a scroll of enchant weapon
 o - 22 scrolls of teleportation
 y - 4 scrolls of silence
 A - 4 scrolls of revelation
 O - a scroll of fog
 P - 6 scrolls of blinking
 Q - 3 scrolls of enchant armour
 W - 6 scrolls of fear
Potions
 g - a potion of berserk rage
 i - 13 potions of heal wounds
 q - 8 potions of cancellation
 v - 6 potions of might
 w - 30 potions of curing
 B - 4 potions of resistance
 G - 5 potions of enlightenment
 M - 8 potions of haste
Miscellaneous
 m - a lightning rod (4/4)
 p - a phantom mirror
 D - a condenser vane
 E - a Gell's gravitambourine (2/2)
 R - a sack of spiders


   Skills:
 + Level 22.8 Fighting
 + Level 22.8 Axes
 + Level 25.0 Armour
 + Level 23.4 Dodging
 + Level 24.5 Shields
 - Level 10.4 Evocations


You had 23 spell levels left.
You didn't know any spells.
Your spell library was empty.

Dungeon Overview and Level Annotations

Branches:
Dungeon (15/15)            Temple (0/1) D:4            Lair (5/5) D:9
  Swamp (4/4) Lair:2        Snake (4/4) Lair:3        Slime (0/5) Lair:4
    Orc (2/2) D:11            Elf (3/3) Orc:2        Vaults (5/5) D:14
  Crypt (0/3) Vaults:2     Depths (4/4) D:15            Zot (0/5) Depths:4
Ossuary (visited)          Bailey (visited)           IceCv (visited)
Volcano (visited)         Desolation (visited)      Gauntlet (visited)

Altars:
Ashenzari
Cheibriados
Dithmenos
Fedhas
Hepliaklqana
Kikubaaqudgha
Okawaru
Sif Muna
Trog
Uskayaw
Wu Jian
Xom
Yredelemnul
Zin
The Shining One
Jiyva

Shops:
D:2 (?   D:13 *   D:15 [   Orc:2 ?*((   Elf:3 *:*[*   Snake:3 !(   Snake:4 =:=
Vaults:1 [   Vaults:4 :   Depths:1 :   Depths:3 *   Depths:4 (:

Portals:
Hell: Depths:1 Depths:2 Depths:3 Depths:4
Abyss: Depths:2 Depths:3
Pandemonium: Depths:1 Depths:2
Ziggurat: Depths:2
Trove: D:15 (show slimy rune of Zot)

Annotations:
Snake:2 2 transporters, Mgcat's ghost, adept FeBe


Innate Abilities, Weirdness & Mutations

You have a pair of horns on your head.
You reflexively headbutt those who attack you in melee.


Message History

The dread lich casts a spell.
The moth of wrath goads the tentacled monstrosity on!
The tentacled monstrosity goes berserk!
The dread lich touches you but does no damage.
The ironbound convoker hits you but does no damage.
The vault warden hits you but does no damage.
The fire giant hits you with a +1 great sword of flaming!!
The fire giant burns you.
The tentacled monstrosity completely misses you.
The tentacled monstrosity tentacle-slaps you but does no damage. x2
The tentacled monstrosity constricts you.
The dread lich touches you.
* * * LOW HITPOINT WARNING * * *
The moth of wrath bites you but does no damage.
The tentacled monstrosity tentacle-slaps you but does no damage.
The tentacled monstrosity tentacle-slaps you!
* * * LOW HITPOINT WARNING * * *
The tentacled monstrosity tentacle-slaps you but does no damage.
The tentacled monstrosity constricts you.
* * * LOW HITPOINT WARNING * * *
The ironbound convoker hits you with a +0 flail!
* * * LOW HITPOINT WARNING * * *
The vault warden hits you with a +0 broad axe.
* * * LOW HITPOINT WARNING * * *
The fire giant completely misses you. The dread lich touches you.
* * * LOW HITPOINT WARNING * * *
The moth of wrath bites you but does no damage.
The Brimstone Fiend calls on the powers of darkness!
The ironbound convoker convulses! x2; Your body is wracked with pain!
* * * LOW HITPOINT WARNING * * *
The vault warden convulses! x2; The moth of wrath convulses!
The fire giant convulses!
The tentacled monstrosity tentacle-slaps you but does no damage.
The tentacled monstrosity tentacle-slaps you.
* * * LOW HITPOINT WARNING * * *
The tentacled monstrosity tentacle-slaps you but does no damage.
The tentacled monstrosity constricts you.
The dread lich touches you but does no damage.
The ironbound convoker hits you with a +0 flail!!
You die...

.......# .......#
.......## #.......#
#.. #........ #....
#p.......
#....##LX1.....
.##....##@pp.....
#+#....#Cyp......
###.#....#.........
+.............####.
######........######
............$........
........)<<))........
.......<))<)........
........<<))).......


You could see a tentacled monstrosity (berserk, strong), a dread lich (fast), a
Brimstone Fiend (summoned), a fire giant (strong), 2 vault wardens, a moth of
wrath shaped shifter and 2 ironbound convokers.

Vanquished Creatures
  Mennas (Depths:4)
  3 juggernauts (Depths:3)
  Sojobo (Depths:1)
  Josephina (Depths:4)
  Vashnia (Snake:4)
  Bai Suzhen (Swamp:4)
  2 golden dragons
  5 caustic shrikes (Depths:4)
  Norris (Depths:1)
  A bone dragon (Vaults:2)
  3 doom hounds (Depths:4)
  Rupert (D:14)
  11 liches
  An Ice Fiend (IceCv)
  Mlioglotl (Swamp:3)
  Jorgrun (D:12)
  6 tentacled monstrosities
  2 walking crystal tomes (Depths:3)
  2 walking earthen tomes
  A deep elf master archer (Elf:3)
  Grunn (Depths:4)
  A deep elf blademaster (Elf:3)
  4 titans
  3 sphinxes
  3 walking divine tomes
  Aizul (Snake:4)
  A thorn hunter (Swamp:4)
  7 tengu reavers
  6 storm dragons
  4 shadow dragons
  An azure jelly (Swamp:4)
  Kirke (Lair:3)
  3 nagarajas (Snake:4)
  A daeva (Vaults:1)
  Donald (Swamp:1)
  8 deep elf sorcerers
  The ghost of Suzi the Marksgoblin, an adept CoHu of Hepliaklqana (Swamp:1)
  10 frost giants
  15 vault wardens
  15 fire giants
  3 imperial myrmidons (Desolation)
  A balrug (Depths:1)
  A cacodemon (Depths:2)
  2 iron dragons (Depths:3)
  The ghost of casual the Severer, a journeyman MDFi of Cheibriados (Lair:5)
  2 deep elf elementalists
  4 reapers (Depths:4)
  3 orc warlords
  21 stone giants
  2 ghouls (Swamp:2)
  12 very ugly things
  2 spriggan defenders
  2 draconian annihilators (Depths:4)
  An angel (Vaults:1)
  2 formless jellyfish (Vaults:4)
  17 ironbound preservers
  Nessos (Lair:5)
  8 ironbound thunderhulks
  5 deep elf demonologists
  A putrid mouth (Depths:4)
  8 deep elf death magi
  5 vampire knights
  7 eleionomae
  3 purple draconians (Depths:4)
  19 dire elephants
  A minotaur (Gauntlet)
  4 deep elf annihilators
  Azrael (D:14)
  9 war gargoyles
  2 halazid warlocks (Desolation)
  4 bunyips
  2 spark wasps (Depths:3)
  3 crystal guardians
  A quicksilver dragon zombie (Vaults:4)
  13 ettins
  3 shambling mangroves
  An entropy weaver (Gauntlet)
  2 deep elf high priests (Elf:3)
  5 ragged hierophants (Desolation)
  10 fire dragons
  2 servants of whispers (Desolation)
  38 vault guards
  15 yaktaur captains
  5 great orbs of eyes
  2 ogre magi
  2 salamander tyrants (Snake:4)
  15 ice dragons
  4 rakshasas
  Fannar (D:11)
  2 catoblepae
  12 peacekeepers
  13 hydras
  3 ghost crabs
  9 alligators
  7 spriggan air magi
  9 anacondas
  Erica (D:9)
  3 caustic shrike simulacra (IceCv)
  4 boulder beetles
  8 two-headed ogres
  7 ironbound frosthearts
  30 dancing weapons
  13 centaur warriors
  4 death yaks (Gauntlet)
  A hell hog (Volcano)
  7 tengu warriors
  4 deep troll earth magi
  4 deep troll shamans
  19 naga sharpshooters
  Urug (D:11)
  2 occultists
  6 shock serpents
  4 spriggan berserkers
  11 naga warriors
  3 orc high priests
  15 deep elf knights
  7 salamander mystics
  Amaemon (D:11)
  4 skeletal warriors (D:12)
  8 hell knights
  A sun demon (Depths:1)
  6 goliath frogs
  2 fire crabs
  4 iron trolls
  A sea snake (Snake:1)
  4 skysharks
  8 mana vipers
  14 deep elf archers
  9 spriggan druids
  A sun moth (shapeshifter) (Depths:3)
  5 glowing orange brains
  44 deep trolls
  A death drake (shapeshifter) (D:14)
  A death drake (Swamp:1)
  5 arcanists
  2 bog bodies
  5 spriggan simulacra (IceCv)
  2 obsidian statues
  3 swamp dragons
  26 ironbound convokers
  6 necromancers
  2 thermic dynamos (Elf:2)
  A tengu zombie (Vaults:4)
  10 orc knights
  An obsidian bat (Orc:1)
  29 deep elf pyromancers
  22 deep elf zephyrmancers
  9 phantasmal warriors
  3 orc sorcerers
  A sphinx simulacrum (Depths:4)
  2 large abominations (Elf:1)
  8 lindwurms
  A human skeleton (Vaults:4)
  4 oklob plants (Lair:3)
  11 salamanders
  4 will-o-the-wisps
  25 ugly things
  A manticore (D:14)
  A kobold blastminer (Orc:2)
  18 cyclopes
  6 elephants (Lair:1)
  A meliai (shapeshifter) (D:15)
  3 meliai (D:14)
  8 guardian serpents
  16 naga magi
  A smoke demon (Depths:1)
  27 black mambas
  The ghost of casual the Ruffian, a novice TrSh (D:7)
  A torpor snail (Gauntlet)
  14 vault sentinels
  11 cane toads
  An orange demon (D:11)
  A titan simulacrum (Depths:4)
  3 gargoyles
  4 unseen horrors
  A storm dragon simulacrum (Depths:4)
  2 kobold demonologists (D:11)
  An efreet (D:13)
  6 ice devils (IceCv)
  22 yaktaurs
  3 rime drakes
  An anaconda simulacrum (IceCv)
  7 freezing wraiths
  7 tengu conjurers
  9 komodo dragons
  3 red devils (Orc:1)
  A tengu simulacrum (Depths:4)
  15 hornets
  4 polar bears (Lair:5)
  A jumping spider (Gauntlet)
  A queen bee (Lair:2)
  8 trolls
  9 tyrant leeches
  43 saltlings
  Prince Ribbit (D:9)
  4 glass eyes
  3 alligator simulacra (IceCv)
  An iron dragon simulacrum (Depths:4)
  16 blink frogs
  A dream sheep (Lair:5)
  34 slime creatures
  5 air elementals
  4 shadows
  5 wraiths
  3 vampires
  23 spriggans
  2 wyverns
  Eustachio (D:4)
  4 hogs (Lair:3)
  2 dire elephant simulacra (IceCv)
  2 water elementals
  12 fire bats
  3 wargs
  37 yaks
  3 basilisks
  A catoblepas simulacrum (Lair:5)
  A death yak simulacrum (Lair:5)
  A steam dragon (Volcano)
  3 swamp worm simulacra (Swamp:4)
  5 fire elementals (D:14)
  15 vampire mosquitoes
  7 minotaur simulacra (IceCv)
  A spectral komodo dragon (Lair:5)
  17 swamp worms
  A spectral cane toad (Lair:5)
  11 water moccasins
  21 nagas
  An acid dragon (D:11)
  4 hell hounds
  15 hydra simulacra (Swamp:4)
  31 orc warriors
  3 swamp drakes (Swamp:3)
  An ice beast (D:8)
  A sky beast (D:7)
  6 black bears
  An ettin simulacrum (IceCv)
  47 wolves
  13 ogres
  13 boggarts
  24 centaurs
  7 kobold brigands
  4 phantoms
  Blork the orc (D:4)
  A gnoll sergeant (D:9)
  4 elf zombies
  9 bullfrogs
  14 deep troll simulacra (IceCv)
  A wyvern zombie (D:7)
  6 earth elementals
  A scorpion (D:6)
  A water moccasin zombie (D:7)
  9 wights (D:7)
  2 troll zombies (D:11)
  2 lindwurm simulacra (IceCv)
  22 killer bees
  8 howler monkeys
  8 electric eels
  2 bombardier beetles
  3 centaur zombies (D:7)
  A bullfrog zombie (D:7)
  2 human zombies
  6 lava snakes (Volcano)
  5 quasits (D:7)
  2 water moccasin simulacra (D:5)
  16 orc priests
  6 hounds
  A jelly (D:8)
  A gnoll bouda (D:6)
  Jessica (D:3)
  2 sleepcaps (D:5)
  24 orc wizards
  Ijyb (D:5)
  3 killer bee zombies (D:7)
  4 ogre zombies (D:11)
  A bullfrog simulacrum (D:5)
  A hound zombie (Ossuary)
  A scorpion simulacrum (D:5)
  4 mummies (Ossuary)
  4 howler monkey zombies (D:7)
  Robin (D:4)
  8 gnolls
  7 adders
  A shadow imp (D:7)
  2 white imps (D:5)
  2 ufetubi (D:6)
  5 swamp drake simulacra (Swamp:4)
  An adder zombie (Ossuary)
  The ghost of hsi the Sneak, a weakling BaDe (D:5)
  2 ribbon worms
  76 orcs
  12 ball pythons
  6 endoplasms
  6 giant cockroaches
  3 gnoll zombies
  15 goblins
  8 hobgoblins
  4 jackals (D:1)
  7 quokkas
  7 bats
  2 frilled lizards (D:3)
  A gnoll skeleton (D:11)
  4 goblin zombies (Ossuary)
  37 kobolds
  A kobold zombie (Ossuary)
  2 orc skeletons (D:11)
  14 orc zombies (D:11)
  10 rats
  2 rat zombies (Ossuary)
2026 creatures vanquished.

Vanquished Creatures (collateral kills)
  A deep elf blademaster (Elf:3)
  A tengu reaver (Depths:1)
  5 deep elf sorcerers (Elf:3)
  A deep elf elementalist (Elf:3)
  A stone giant (Depths:1)
  A deep elf demonologist (Elf:3)
  A deep elf annihilator (Elf:3)
  2 deep elf high priests (Elf:3)
  2 ragged hierophants (Desolation)
  An anaconda (Snake:4)
  A two-headed ogre (Orc:2)
  A deep troll earth mage (Depths:1)
  A naga sharpshooter (Snake:4)
  An orc high priest (Orc:2)
  2 naga warriors (Snake:4)
  2 mana vipers (Snake:4)
  2 deep trolls (Depths:1)
  An orc sorcerer (Orc:2)
  A salamander (Snake:4)
  A guardian serpent (Snake:4)
  4 black mambas (Snake:4)
  A naga mage (Snake:4)
  A saltling (Desolation)
35 creatures vanquished.

Vanquished Creatures (others)
  2 deep elf knights (Elf:1)
  A mana viper (Snake:4)
  An arcanist (Vaults:2)
  A deep elf pyromancer (D:14)
  2 bloated husks
  A naga (Snake:4)
  24 foxfires
32 creatures vanquished.

Grand Total: 2093 creatures vanquished

Notes
Turn   | Place    | Note
-------+----------+-------------------------------------------
     0 | D:1      | Picsou the Minotaur Berserker began the quest for the Orb.
     0 | D:1      | Reached XP level 1. HP: 19/19 MP: 0/0
   185 | D:1      | Reached XP level 2. HP: 24/27 MP: 1/1
   616 | D:1      | Reached skill level 3 in Armour
   669 | D:1      | Reached XP level 3. HP: 33/33 MP: 2/2
   805 | D:1      | Found a faded altar of an unknown god.
   807 | D:1      | Reached ** piety under Trog
   957 | D:2      | Found Mepeyllu's Weapon Shoppe.
  1057 | D:2      | Reached XP level 4. HP: 37/41 MP: 3/3
  1335 | D:2      | Found Haubbyom's Magic Scroll Shop.
  1500 | D:3      | Noticed Jessica
  1505 | D:3      | Killed Jessica
  1621 | D:3      | Reached XP level 5. HP: 47/47 MP: 4/4
  1730 | D:3      | Reached *** piety under Trog
  1908 | D:4      | Reached skill level 4 in Armour
  2014 | D:4      | Reached skill level 5 in Fighting
  2030 | D:4      | Reached skill level 5 in Axes
  2040 | D:4      | Noticed Blork the orc
  2045 | D:4      | Killed Blork the orc
  2046 | D:4      | Reached XP level 6. HP: 48/56 MP: 5/5
  2155 | D:4      | Noticed Robin
  2164 | D:4      | Killed Robin
  2170 | D:4      | Found a staircase to the Ecumenical Temple.
  2211 | D:4      | Found a sand-covered staircase.
  2211 | D:4      | Noticed Eustachio
  2221 | Ossuary  | Entered an ossuary
  2237 | Ossuary  | Reached skill level 5 in Armour
  2237 | Ossuary  | Reached XP level 7. HP: 62/62 MP: 6/6
  2481 | D:4      | Killed Eustachio
  2482 | D:4      | Reached skill level 5 in Dodging
  2536 | D:4      | Reached **** piety under Trog
  2975 | D:5      | Entered Level 5 of the Dungeon
  3546 | D:5      | Noticed hsi's ghost (weakling BaDe)
  3565 | D:5      | Noticed Ijyb
  3568 | D:5      | Paralysed by Ijyb for 2 turns
  3572 | D:5      | Killed Ijyb
  3582 | D:5      | Found a runed translucent gate.
  3582 | D:5      | Found a runed translucent gate.
  3582 | D:5      | Found a runed translucent gate.
  3911 | D:5      | Reached skill level 6 in Armour
  3911 | D:5      | Reached XP level 8. HP: 71/71 MP: 7/7
  3917 | D:5      | Killed hsi's ghost
  4117 | D:2      | Bought a +1 executioner's axe of flaming for 250 gold
                  | pieces
  5049 | D:6      | Found a shadowy altar of Dithmenos.
  5282 | D:7      | Reached skill level 7 in Armour
  5354 | D:7      | Reached XP level 9. HP: 81/81 MP: 8/8
  5447 | D:7      | Found a snail-covered altar of Cheibriados.
  5546 | D:7      | Found a transporter.
  5549 | D:7      | Noticed casual's ghost (novice TrSh)
  5749 | D:7      | Reached ***** piety under Trog
  5750 | D:7      | Reached skill level 8 in Armour
  6212 | D:7      | Found a transporter.
  6233 | D:7      | Killed casual's ghost
  6244 | D:7      | Identified the ring "Moicyr" {+Blink rElec rPois Will-
                  | Dex+6}
  6318 | D:8      | Found a hazy altar of Hepliaklqana.
  6319 | D:8      | Found a shimmering altar of Xom.
  6328 | D:8      | Reached skill level 9 in Armour
  6328 | D:8      | Reached XP level 10. HP: 65/91 MP: 7/9
  6675 | D:8      | Received a gift from Trog
  7315 | D:9      | Found a shimmering blue altar of Sif Muna.
  7397 | D:9      | Noticed a gargoyle
  7402 | D:9      | Killed a gargoyle
  7403 | D:9      | Reached skill level 10 in Fighting
  7403 | D:9      | Reached skill level 10 in Axes
  7499 | D:9      | Noticed a cyclops
  7504 | D:9      | Killed a cyclops
  7730 | D:9      | Found an ancient bone altar of Kikubaaqudgha.
  7752 | D:9      | Found a broken altar of Ashenzari.
  7755 | D:9      | Found a basalt altar of Yredelemnul.
  7755 | D:9      | Found an iron altar of Okawaru.
  7762 | D:9      | Found a blossoming altar of Fedhas.
  7862 | D:9      | Found a hide-covered altar of Uskayaw.
  7881 | D:9      | Noticed Erica
  7892 | D:9      | Killed Erica
  7893 | D:9      | Reached skill level 10 in Armour
  8081 | D:9      | Noticed Prince Ribbit
  8096 | D:9      | Killed Prince Ribbit
  8149 | D:9      | Found a staircase to the Lair.
  8500 | D:10     | Entered Level 10 of the Dungeon
  8500 | D:10     | Noticed a two-headed ogre
  8504 | D:10     | Killed a two-headed ogre
  8595 | D:10     | Reached XP level 11. HP: 101/101 MP: 10/10
  8668 | D:10     | Found a flagged portal.
  8677 | Bailey   | Entered a bailey
  8959 | Bailey   | Reached skill level 10 in Dodging
  9273 | Bailey   | Reached skill level 11 in Armour
  9704 | Bailey   | Acquired the +2 pair of boots of the Hundredfold Yaks
                  | {Int+3 Dex+4}
 10053 | D:10     | Received a gift from Trog
 10516 | D:11     | Noticed Fannar
 10521 | D:11     | Killed Fannar
 10615 | D:11     | Noticed Amaemon
 10622 | D:11     | Killed Amaemon
 10919 | D:11     | Noticed Urug
 10923 | D:11     | Found a staircase to the Orcish Mines.
 10927 | D:11     | Killed Urug
 11005 | D:11     | Reached XP level 12. HP: 113/113 MP: 11/11
 11024 | D:11     | Reached skill level 12 in Armour
 11030 | D:11     | Noticed a two-headed ogre
 11034 | D:11     | Killed a two-headed ogre
 11326 | D:11     | Noticed a two-headed ogre
 11330 | D:11     | Killed a two-headed ogre
 11725 | D:12     | Noticed Jorgrun
 11736 | D:12     | Killed Jorgrun
 11896 | D:12     | Noticed a two-headed ogre
 11902 | D:12     | Killed a two-headed ogre
 12206 | D:12     | Reached skill level 13 in Armour
 12436 | Lair:1   | Entered Level 1 of the Lair of Beasts
 12779 | Lair:1   | Reached XP level 13. HP: 123/123 MP: 12/12
 13315 | Lair:1   | Received a gift from Trog
 14195 | Lair:2   | Reached skill level 14 in Armour
 14414 | Lair:2   | Found a staircase to the Swamp.
 15057 | D:2      | Bought a scroll of acquirement for 572 gold pieces
 15059 | D:2      | Acquired a manual of Armour
 15305 | Lair:3   | Found a staircase to the Snake Pit.
 15424 | Lair:3   | Received a gift from Trog
 15804 | Lair:3   | Noticed Kirke
 15813 | Lair:3   | Killed Kirke
 16017 | Lair:3   | Reached skill level 15 in Armour
 16020 | Lair:3   | HP: 2/125 [oklob plant/splash of acid (27)]
 16516 | Lair:3   | Reached skill level 15 in Fighting
 16864 | Lair:4   | Reached skill level 15 in Axes
 16911 | Lair:4   | Found a dark tunnel.
 16920 | Volcano  | Entered a volcano
 17128 | Volcano  | Reached XP level 14. HP: 135/135 MP: 13/13
 17430 | Volcano  | Found a radiant altar of Vehumet.
 17675 | Lair:4   | Found a staircase to the Slime Pits.
 17676 | Lair:4   | Found a viscous altar of Jiyva.
 18084 | Lair:5   | Entered Level 5 of the Lair of Beasts
 18094 | Lair:5   | Reached skill level 16 in Armour
 18104 | Lair:5   | Received a gift from Trog
 18149 | Lair:5   | Noticed Nessos
 18154 | Lair:5   | Killed Nessos
 18831 | Lair:5   | Identified the +4 war axe of Pandemonium {flame, rN+ Int+2}
 19355 | Lair:5   | Found a runed translucent gate.
 19355 | Lair:5   | Found a runed translucent gate.
 19355 | Lair:5   | Found a runed translucent gate.
 19361 | Lair:5   | Noticed casual's ghost (journeyman MDFi)
 19398 | Lair:5   | Killed casual's ghost
 19399 | Lair:5   | Reached skill level 17 in Armour
 19675 | Orc:1    | Entered Level 1 of the Orcish Mines
 20019 | Orc:1    | Reached ****** piety under Trog
 20161 | Orc:1    | Noticed a stone giant
 20169 | Orc:1    | Killed a stone giant
 20186 | Orc:1    | Found the +1 eveningstar "Brilliance" {foul flame, Umbra}
 20187 | Orc:1    | Found the +8 whip "Snakebite" {venom, curare, rPois}
 20252 | Orc:1    | Identified the staff "Vak Jiheqa" {rC+ Dex+4 Earth}
 20253 | Orc:1    | Identified the +5 plate armour of Qetausia {Will+ Regen+
                  | Int+3 Dex-5}
 20620 | Orc:1    | Reached XP level 15. HP: 129/145 MP: 14/14
 20709 | Orc:1    | Reached skill level 15 in Dodging
 20909 | Orc:2    | Entered Level 2 of the Orcish Mines
 20918 | Orc:2    | Reached skill level 18 in Armour
 20945 | Orc:2    | Received a gift from Trog
 21062 | Orc:2    | Found a staircase to the Elven Halls.
 21461 | Orc:2    | Found Bosul's Weapon Emporium.
 21461 | Orc:2    | Found Qugoivec's Magic Scroll Boutique.
 21463 | Orc:2    | Found Ycuaqy Taen's Weapon Emporium.
 21463 | Orc:2    | Found Ygestuob's Assorted Antiques.
 22072 | D:13     | Found Eshraaz's Assorted Antiques.
 22144 | D:13     | Found a gate leading to a gauntlet.
 22153 | Gauntlet | Entered a Gauntlet
 22153 | Gauntlet | Found a transporter.
 22156 | Gauntlet | Found a transporter.
 22160 | Gauntlet | Found a transporter.
 22165 | Gauntlet | Found a transporter.
 22170 | Gauntlet | Found a transporter.
 22174 | Gauntlet | Found a transporter.
 22179 | Gauntlet | Found a transporter.
 22186 | Gauntlet | Found a transporter.
 22189 | Gauntlet | Found a transporter.
 22195 | Gauntlet | Found a transporter.
 22199 | Gauntlet | Found a transporter.
 22203 | Gauntlet | Found a transporter.
 22300 | Gauntlet | Found a transporter.
 22312 | Gauntlet | Found a transporter.
 22579 | Gauntlet | Identified the amulet "Dihas" {Faith rC+ MP+9 Str+2}
 22627 | Gauntlet | Reached skill level 19 in Armour
 23052 | D:13     | Received a gift from Trog
 23060 | D:13     | Reached skill level 1 in Shields
 23407 | D:13     | Paralysed by something for 2 turns
 23616 | D:14     | Noticed Azrael
 23641 | D:14     | Killed Azrael
 23685 | D:14     | Found a bloodstained altar of Trog.
 24077 | D:14     | Found a gate to the Vaults.
 24319 | D:14     | Found a hazy altar of Hepliaklqana.
 24404 | D:14     | Noticed Rupert
 24422 | D:14     | Killed Rupert
 24689 | D:15     | Entered Level 15 of the Dungeon
 24870 | D:15     | Found a portal to a secret trove of treasure.
 24949 | D:15     | Found Satito's Specialty Armours.
 24982 | D:15     | Reached skill level 5 in Shields
 25067 | D:15     | Reached XP level 16. HP: 126/155 MP: 15/15
 25397 | D:15     | Found a staircase to the Depths.
 25799 | Snake:1  | Entered Level 1 of the Snake Pit
 25887 | Snake:1  | Identified the +6 hand axe "Raun" {distort, rC+ Will+ Dex+4
                  | Stlth+}
 26193 | Snake:1  | Reached skill level 10 in Shields
 26502 | Snake:1  | Found the -2 hat of the Alchemist {rElec rPois rF+ rC+ rN+
                  | Will+ rMut rCorr}
 26846 | Snake:2  | Noticed Mgcat's ghost (adept FeBe)
 26846 | Snake:2  | Found a transporter.
 26961 | Snake:2  | Found a glacial archway.
 26990 | IceCv    | Entered an ice cave
 27155 | IceCv    | Received a gift from Trog
 27476 | IceCv    | Noticed an Ice Fiend
 27496 | IceCv    | Killed an Ice Fiend
 27991 | Snake:2  | Found a transporter.
 28007 | Snake:2  | Found a broken altar of Ashenzari.
 28184 | Snake:2  | Identified the +5 mace of Ixuikhla {flame, rPois rCorr}
 28661 | Snake:3  | Found Xobugirch's Weapon Boutique.
 28908 | Snake:3  | Reached skill level 15 in Shields
 29155 | Snake:3  | Found Ijast's Distillery.
 29294 | Snake:3  | Received a gift from Trog
 29457 | Snake:3  | Reached XP level 17. HP: 162/162 MP: 16/16
 29490 | Snake:3  | Bought a potion of haste for 160 gold pieces
 29494 | Snake:3  | Bought a potion of haste for 160 gold pieces
 29669 | Snake:4  | Entered Level 4 of the Snake Pit
 29687 | Snake:4  | Noticed Vashnia
 29691 | Snake:4  | Identified the serpent talisman of the Unseen Realm {+Blink
                  | rC- Str-3 Dex+5}
 29691 | Snake:4  | Noticed Aizul
 29702 | Snake:4  | Killed Vashnia
 29712 | Snake:4  | Killed Aizul
 29727 | Snake:4  | Found Onairiv's Jewellery Emporium.
 29732 | Snake:4  | Found Boamuzeb's Book Shop.
 29735 | Snake:4  | Found Gucemuf's Jewellery Emporium.
 29764 | Snake:4  | Bought the ring of Kanweg {Fly rPois rN++ Dex+6} for 1076
                  | gold pieces
 30156 | Snake:4  | Received a gift from Trog
 30443 | Snake:4  | Got a serpentine rune of Zot
 30783 | Elf:1    | Entered Level 1 of the Elven Halls
 30790 | Elf:1    | Paralysed by an air elemental for 1 turns
 30958 | Elf:1    | Received a gift from Trog
 30967 | Elf:1    | Found a flickering gateway to a bazaar.
 30973 | Bazaar   | Entered a bazaar
 30974 | Bazaar   | Found Qoug's Weapon Shop.
 30974 | Bazaar   | Found Dues's Antique Armour Boutique.
 30975 | Bazaar   | Found Zonij's Distillery.
 30984 | Bazaar   | Found Asotas's Weapon Emporium.
 31016 | Bazaar   | Bought a potion of heal wounds for 45 gold pieces
 31016 | Bazaar   | Bought a potion of haste for 90 gold pieces
 31016 | Bazaar   | Bought a potion of might for 36 gold pieces
 31158 | Elf:1    | Reached XP level 18. HP: 154/170 MP: 17/17
 31191 | Elf:1    | Reached skill level 20 in Armour
 31356 | Elf:1    | Received a gift from Trog
 31379 | Elf:1    | Identified the +7 hand axe of Valiance {flame, Int+4 Dex+2}
 32155 | Elf:2    | Found a runed translucent gate.
 32156 | Elf:2    | Found a runed translucent gate.
 32156 | Elf:2    | Found a runed translucent gate.
 32551 | Elf:2    | Received a gift from Trog
 32555 | Elf:2    | Reached skill level 21 in Armour
 32681 | Elf:2    | Identified the blade talisman of the Curupira {rCorr Str+2
                  | Stlth-}
 33002 | Elf:3    | Entered Level 3 of the Elven Halls
 33163 | Elf:3    | Found Tuvioq's Book Shop.
 33201 | Elf:3    | Found Atemeurch's General Store.
 33340 | Elf:3    | Found Qiklim's Antique Armour Emporium.
 33363 | Elf:3    | Found Zucwic's General Store.
 33451 | Elf:3    | Found Ukuot's Assorted Antiques.
 33471 | Elf:3    | Bought a scroll of revelation for 217 gold pieces
 33471 | Elf:3    | Bought a pearl ring for 145 gold pieces
 33471 | Elf:3    | Bought a scroll of enchant armour for 217 gold pieces
 33524 | Elf:3    | Received a gift from Trog
 33544 | Elf:3    | Noticed a Brimstone Fiend
 33656 | Elf:3    | Reached XP level 19. HP: 166/181 MP: 18/18
 33907 | Elf:3    | Found the +6 lightning scales {swift, rElec}
 33997 | Elf:3    | Identified the +4 arbalest of Zesoz {drain, Str+5}
 34004 | Elf:3    | Identified the +1 spear "Adduggea" {freeze, rPois Int-4
                  | Dex+4 Stlth+}
 34213 | Elf:3    | Bought a scroll of enchant armour for 150 gold pieces
 34233 | Elf:3    | Bought a glowing scarf for 240 gold pieces
 34516 | Elf:3    | Found the +8 trishula "Condemnation" {holy, anguish, *Noise
                  | Fly rN+}
 34949 | Swamp:1  | Entered Level 1 of the Swamp
 34989 | Swamp:1  | Noticed Donald
 35006 | Swamp:1  | Killed Donald
 35007 | Swamp:1  | Reached skill level 22 in Armour
 35050 | Swamp:1  | Found a shimmering blue altar of Sif Muna.
 35294 | Swamp:1  | Received a gift from Trog
 35356 | Swamp:1  | Found a runed translucent gate.
 35356 | Swamp:1  | Found a runed translucent gate.
 35356 | Swamp:1  | Found a runed translucent gate.
 35358 | Swamp:1  | Noticed Suzi's ghost (adept CoHu)
 35387 | Swamp:1  | Killed Suzi's ghost
 36351 | Swamp:3  | Noticed Mlioglotl
 36362 | Swamp:3  | Killed Mlioglotl
 36707 | Swamp:3  | Found an ornate altar of the Wu Jian Council.
 36963 | Swamp:4  | Entered Level 4 of the Swamp
 36963 | Swamp:4  | Noticed Bai Suzhen
 37015 | Swamp:4  | Killed Bai Suzhen
 37015 | Swamp:4  | Received a gift from Trog
 37588 | Swamp:4  | Reached XP level 20. HP: 193/193 MP: 19/19
 37698 | Swamp:4  | Got a decaying rune of Zot
 38110 | Vaults:1 | Entered Level 1 of the Vaults
 38155 | Vaults:1 | Received a gift from Trog
 38235 | Vaults:1 | Found Rastroek's Armour Emporium.
 38529 | Vaults:1 | Found a runed translucent gate.
 38529 | Vaults:1 | Found a runed translucent gate.
 38529 | Vaults:1 | Found a runed translucent gate.
 38689 | Vaults:1 | Found a crumbling gateway.
 38702 | Desolati | Entered the Desolation of Salt
 38763 | Desolati | Received a gift from Trog
 38788 | Desolati | Identified the +10 rapier "Hydrabane" {heavy, ^Contam rElec
                  | rPois Int-4}
 38789 | Desolati | Identified the ring "Sioge" {rC+ rN+ AC+4 Stlth+}
 38933 | Desolati | Identified the +1 robe "Lyguwk" {Fly rElec Str+3}
 38935 | Desolati | Identified the ring of Rohy {rC+ Dex+5}
 39053 | Desolati | Identified the amulet "Cetzualulu" {Acrobat Int+3 Stlth+}
 39055 | Desolati | Identified the ring of Asceticism {rElec AC+4 Dex+3 Stlth+}
 39081 | Desolati | Identified the +1 ring mail "Qalawep" {Regen+ Int+4}
 39286 | Desolati | Identified the +10 hand axe of the Penguin {flame, Str+4}
                  | (Trog gifted it to you in the Desolation of Salt)
 39286 | Desolati | Received a gift from Trog
 39913 | Vaults:1 | Found a glowing golden altar of the Shining One.
 40081 | Vaults:2 | Reached skill level 1 in Evocations
 40323 | Vaults:2 | Reached XP level 21. HP: 173/201 MP: 20/20
 40458 | Vaults:2 | Received a gift from Trog
 40572 | Vaults:2 | Found a staircase to the Crypt.
 40961 | Vaults:2 | Identified the +3 shortbow "Noisac" {drain, rElec rPois
                  | rC-}
 40968 | Vaults:2 | Reached skill level 5 in Evocations
 41282 | Vaults:3 | Received a gift from Trog
 42201 | Vaults:3 | Received a gift from Trog
 42238 | Vaults:3 | Identified the +10 scale mail of Odiec {Dex+7}
 43204 | Vaults:4 | Reached skill level 23 in Armour
 43213 | Vaults:4 | Received a gift from Trog
 43219 | Vaults:4 | Reached XP level 22. HP: 210/211 MP: 21/21
 43696 | Vaults:4 | Found Fiyt's Book Shoppe.
 44000 | Depths:1 | Entered Level 1 of the Depths
 44317 | Depths:1 | Found Owaaf's Book Emporium.
 44404 | Depths:1 | Noticed Sojobo
 44418 | Depths:1 | Killed Sojobo
 44429 | Depths:1 | Noticed Norris
 44450 | Depths:1 | Killed Norris
 44584 | Depths:1 | Found a one-way gate leading to the halls of Pandemonium.
 44686 | Depths:1 | Found a gateway to Hell.
 44936 | Depths:1 | Found a glowing silver altar of Zin.
 45509 | Depths:2 | Identified the ring "Noadoam" {rPois rF+ MP+9 Stlth+}
 45786 | Depths:2 | Received a gift from Trog
 46195 | Depths:2 | Identified the +6 dire flail "Toepp" {spect, rC+ Int-4
                  | Dex+4}
 46220 | Depths:2 | Noticed a golden dragon
 46232 | Depths:2 | Killed a golden dragon
 46549 | Depths:2 | Found a one-way gateway to a ziggurat.
 46843 | Depths:2 | Found a one-way gate to the infinite horrors of the Abyss.
 47372 | Depths:3 | Found Lamubent's General Store.
 47709 | Depths:3 | Reached XP level 23. HP: 220/220 MP: 22/22
 47918 | Depths:3 | Identified the ring of Egalitarianism {rElec Int+6}
 47926 | Depths:3 | Received a gift from Trog
 47938 | Depths:3 | Noticed a juggernaut
 47961 | Depths:3 | Killed a juggernaut
 48245 | Depths:3 | Noticed a juggernaut
 48264 | Depths:3 | Killed a juggernaut
 48279 | Depths:3 | Reached skill level 24 in Armour
 48395 | Depths:3 | Noticed a juggernaut
 48416 | Depths:3 | Killed a juggernaut
 48597 | Depths:3 | Reached skill level 10 in Evocations
 49021 | Depths:4 | Entered Level 4 of the Depths
 49022 | Depths:4 | Identified the ring "Ogoumil" {Ice Int+2 SInv}
 49022 | Depths:4 | Noticed Josephina
 49023 | Depths:4 | Noticed a caustic shrike
 49033 | Depths:4 | Killed a caustic shrike
 49046 | Depths:4 | Killed Josephina
 49060 | Depths:4 | Noticed a caustic shrike
 49060 | Depths:4 | Noticed a caustic shrike
 49061 | Depths:4 | Noticed a caustic shrike
 49063 | Depths:4 | Noticed a caustic shrike
 49069 | Depths:4 | Killed a caustic shrike
 49074 | Depths:4 | Killed a caustic shrike
 49074 | Depths:4 | Killed a caustic shrike
 49081 | Depths:4 | Killed a caustic shrike
 49095 | Depths:4 | Found Lalays's Book Shop.
 49095 | Depths:4 | Found Jukamn's Weapon Boutique.
 49220 | Depths:4 | Received a gift from Trog
 49494 | Depths:4 | Found a gate to the Realm of Zot.
 49541 | Depths:4 | Noticed Mennas
 49585 | Depths:4 | Killed Mennas
 49851 | Depths:4 | Noticed Grunn
 49867 | Depths:4 | Reached XP level 24. HP: 202/232 MP: 22/22
 49880 | Depths:4 | Killed Grunn
 50065 | Depths:4 | Received a gift from Trog
 50658 | Vaults:5 | Entered Level 5 of the Vaults
 50762 | Vaults:5 | Received a gift from Trog
 50788 | Vaults:5 | Reached skill level 25 in Armour
 50859 | Vaults:5 | Identified the amulet of Giucil {Faith rPois rN+ Str-5}
 50859 | Vaults:5 | Noticed a dread lich
 50863 | Vaults:5 | Paralysed by a dread lich for 5 turns
 50868 | Vaults:5 | Slain by an ironbound convoker

Illustrated notes

Levels and vault maps discovered:
D:1:      mrwooster_arrival_statue_3, layout_loops_cross,
          shapermc_ecumenical_altar_pompeii
D:2:      layout_rooms, serial_shops, nicolae_shop_back_alley_shop, shop
D:3:      layout_rooms, uniq_jessica
D:4:      layout_loops_ring, minmay_temple_entry_junction, enter_ossuary_1,
          uniq_blork_the_orc, uniq_eustachio, uniq_robin
D:5:      layout_gridville, gammafunk_ghost_icy, moated_statue, hellmonk_no_cap,
          uniq_ijyb
D:6:      layout_basic, lemuel_round_altar, grunt_decor_arrowhead
D:7:      layout_loops_corners, cheibrodos_worm_habitat, serial_undead,
          serial_undead_d, serial_undead_f, serial_undead_c, serial_undead_b,
          serial_undead_e, serial_undead_c, serial_undead_d,
          gammafunk_ghost_stat_death, minmay_misc_feat_rugged
D:8:      layout_basic, regret_index_temple_of_mockery,
          nicolae_figureground_pulse
D:9:      layout_stronghold, nicolae_overflow_crystal_walls,
          nicolae_overflow_hallway_of_the_gods,
          mainiacjoe_overflow_cross_hatched, lair_entry_dummy, lightli_minifort,
          uniq_erica, uniq_prince_ribbit1
D:10:     layout_gridville, enter_bailey_1
D:11:     layout_loops_ring, zombieorc1_lemuel, uniq_urug, uniq_fannar,
          uniq_amaemon
D:12:     layout_cave_pools, uniq_jorgrun
D:13:     layout_basic, gauntlet_entry_generic, serial_shops,
          nicolae_shop_tiny_real_fake_doors
D:14:     layout_long_grid, erik_vaults_1, trog_three_pillars_becter,
          nzn_hepliaklqana_mist_gate, uniq_azrael, uniq_rupert
D:15:     grunt_enter_depths_hoard, layout_irregular_city, enter_trove_1,
          minivault_23, nicolae_barding_shop
Lair:1:   layout_gridlike, serial_bayou, serial_bayou_lake_a,
          serial_bayou_lagoon_a, serial_bayou_ford_a, serial_bayou_pond_b
Lair:2:   layout_cellular_growth, swamp_mist, special_room [special_room_bee],
          grunt_forest_small_clearings
Lair:3:   minmay_lair_oklob_tunnel, layout_regular_city, dummy_snake_entry,
          nicolae_quartered_pool_super, hibernation_bobbens, uniq_kirke
Lair:4:   layout_loops_ring, slime_entry_1, lightli_volcano_entry_magma_tube,
          serial_bayou_shore_a
Lair:5:   minmay_lair_end_enchanted_forest, layout_cellular_growth,
          gammafunk_ghost_necromancy, kilobyte_rumbling_trees,
          grunt_megastairs_1, uniq_nessos
Swamp:1:  layout_basic_swamp, ebering_ghost_rock_garden, lemuel_altar_in_water,
          infiniplex_staircase_pool, uniq_donald
Swamp:2:  layout_basic_swamp, evilmike_swamp_ruin_house_2, swamp_pool_4
Swamp:3:  layout_basic_swamp, nicolae_swamp_big_swirl, swamp_pool_5,
          nicolae_swamp_godswood, uniq_mlioglotl
Swamp:4:  swamp_icy, layout_basic_swamp, uniq_bai_suzhen
Snake:1:  nicolae_snake_shooting_gallery, layout_cave_shapes
Snake:2:  layout_basic, gammafunk_ghost_arena, basic_altar,
          portal_ice_cave_entry_dragon, nicolae_snake_slithery_corners,
          lemuel_fruit_tree
Snake:3:  layout_grid_maze, serial_shops, nicolae_shop_window_shopping,
          nicolae_shop_bloodbath_and_beyond
Snake:4:  snake_pit_salamanders_mu, layout_rooms, minmay_shop_grove,
          uniq_vashnia, uniq_aizul
Orc:1:    giant_chief_lemuel, layout_diamond_mine,
          einodemon_armed_red_devil_minivault
Orc:2:    grunt_orc_tribal_feast, layout_diamond_mine
Elf:1:    nicolae_elf_arrival_aired_out, layout_geoelf_octagon, serial_shops,
          bzr_entry_safe, minmay_elf_necromancy, grunt_megastairs_3
Elf:2:    elven_hall_of_blades_hangedman_original
          [nicolae_blade_entry_area_security], layout_loops_cross, serial_glass,
          glass_columns_b, glass_columns_a, drop_trap
Elf:3:    minmay_elf_hall_spiked, layout_onion_city, serial_shops,
          nicolae_shop_pleasant_corner_grove,
          nicolae_shop_pleasant_corner_grove, shop,
          nicolae_shop_gibbet_a_chance, shop, statue_in_the_mist_lemuel
Vaults:1: portal_desolation_entry_salt, v_misc_10, ontoclasm_vaults_ring_square,
          nicolae_vaults_storage_closets_1, v_rooms_5,
          abrahamwl_protected_by_tso_2, nicolae_vaults_apartment_2,
          nicolae_vaults_cornered_office,
          nicolae_vaults_taking_the_gang_shopping,
          nicolae_vaults_little_squares_3, nicolae_vaults_closet_pinwheel_1,
          nicolae_vaults_diamond_2, layout_vaults_maze_bifur
Vaults:2: vaults_room_boxed, minmay_crypt_entry_nasty_monster, v_misc_27,
          hangedman_vaults_stitches, nicolae_vaults_little_squares_4,
          nicolae_vaults_variable_pillar_hall, nicolae_vaults_triangles,
          nicolae_vaults_little_squares_4, nicolae_vaults_turnstiles,
          ontoclasm_vaults_decontamination, vaults_standard_mumra_x,
          nicolae_vaults_prndl, vaults_room_pools, nicolae_vaults_trapezoid_1,
          layout_vaults_omnibox
Vaults:3: v_misc_9, v_pattern_4, nicolae_vaults_network_quinsquares
          [nicolae_vaults_network_quincunx_subvault,
          nicolae_vaults_network_quincunx_subvault,
          nicolae_vaults_network_quincunx_subvault,
          nicolae_vaults_network_quincunx_subvault], ontoclasm_vaults_fault,
          nicolae_vaults_cochlea, serial_library_hellmonk_semicircle,
          vaults_mumra_hex, ontoclasm_vaults_chip, nicolae_vaults_sightless_eye,
          layout_vaults_omnigrid
Vaults:4: vaults_room_door_hall, nicolae_vaults_trapezoid_lopsided_2,
          hangedman_vaults_restitches, nicolae_vaults_double_plus_2,
          ontoclasm_vaults_pinch, nicolae_vaults_border_crossing, v_misc_4,
          v_alt_pattern_6, ontoclasm_vaults_loading_screen,
          vaults_room_stairs_pillars, nicolae_vaults_diagonal_hallway_7,
          vaults_room_semicircle, vaults_room_guarded_vault, layout_vaults_ring,
          serial_shops, shop
Vaults:5: uniq_boris
Depths:1: layout_basic, serial_shops, nicolae_shop_behind_doors,
          lightli_too_deep, pan_entry, kennysheep_path_1, hex_large,
          minmay_misc_feat_ornament, zin_scriptorium, uniq_norris, uniq_sojobo
Depths:2: minmay_swirls_squares, layout_basic, enter_ziggurat_d, hell_entry,
          serial_bayou_pond_d, grunt_pan_entry_in_and_out, abyss_entry
Depths:3: hangedman_box_tower, layout_long_grid, hell_entry, abyss_entry,
          serial_shops, kennysheep_little_box
Depths:4: evilmike_zot_entry_diamond, layout_honeycomb, corexii_hall_statues_u,
          grunt_hell_entry_dis_grunt, serial_bayou_shore_b, minmay_shoptagon,
          uniq_grunn, uniq_mennas, uniq_josephina

Skill      XL: |  1  2  3  4  5  6  7  8  9 10 11 12 13 14 15 16 17 18 19 20 21 22 23 24 |
---------------+-------------------------------------------------------------------------+-----
Fighting       | 4 5 6 7 9 10 12 13 15 16 17 18 20 21 22 | 22.8
Axes           | 4 5 6 7 9 10 12 13 15 16 17 18 20 21 22 | 22.8
Armour         | 3 4 5 6 7 9 10 11 13 15 17 19 21 22 23 24 25 | 25.0
Dodging        | 3 4 5 6 8 9 11 12 13 14 16 20 21 22 23 | 23.4
Shields        | 5 15 20 21 22 23 24 | 24.5
Evocations     | 3 7 9 10 | 10.4

Action                     |  1- 3 |  4- 6 |  7- 9 | 10-12 | 13-15 | 16-18 | 19-21 | 22-24 || total
---------------------------+-------+-------+-------+-------+-------+-------+-------+-------++-------
  Melee: Hand axe          |    90 |   102 |    66 |       |       |       |       |       ||   258
         Headbutt          |    12 |    11 |    23 |    93 |   241 |   331 |   471 |   495 ||  1677
         Executioner's axe |       |       |   140 |   391 |   715 |       |       |       ||  1246
         Unarmed           |       |       |       |       |     3 |       |       |       ||     3
         War axe           |       |       |       |       |   253 |   508 |       |       ||   761
         Broad axe         |       |       |       |       |       |   603 |  1380 |  1224 ||  3207
         Eveningstar       |       |       |       |       |       |    32 |    24 |       ||    56
 Invoke: Berserk           |       |     2 |     4 |     9 |    18 |    12 |     3 |     4 ||    52
         Brothers in Arms  |       |       |       |       |     1 |     6 |     4 |     2 ||    13
         Trog's Hand       |       |       |       |       |       |     1 |       |     2 ||     3
  Evoke: Wand              |       |       |       |       |       |       |     2 |     3 ||     5
    Use: Scroll            |     2 |     4 |     5 |    14 |    11 |     9 |     3 |     9 ||    57
         Potion            |       |       |       |     1 |     4 |     1 |       |     1 ||     7
   Stab: Distracted        |       |       |       |       |       |     4 |       |     5 ||     9
         Sleeping          |       |       |       |       |       |       |       |     8 ||     8
 Armour: Ring mail         |    11 |       |       |       |       |       |       |       ||    11
         Skin              |     5 |       |       |       |     4 |       |       |       ||     9
         Scale mail        |    50 |   107 |     8 |       |       |       |    10 |   265 ||   440
         Chain mail        |       |       |    48 |       |   287 |    64 |       |       ||   399
         Plate armour      |       |       |    96 |   436 |   174 |   243 |   328 |    44 ||  1321
         Ice dragon scales |       |       |       |       |       |    43 |       |       ||    43
  Dodge: Dodged            |    61 |    70 |   171 |   592 |  1011 |   285 |   341 |   635 ||  3166
         Repelled          |       |       |       |       |    14 |    95 |    40 |    63 ||   212
  Block: Other             |       |       |       |   104 |    73 |       |       |       ||   177
         Reflection        |       |       |       |     3 |    13 |   202 |   139 |    53 ||   410
         Tower shield      |       |       |       |       |   239 |  1553 |  1884 |  1873 ||  5549
         Buckler           |       |       |       |       |    25 |       |       |       ||    25

Table legend: (Time is in decaauts)
 A = Elapsed time spent in this place.
 B = Non-inter-level travel time spent in this place.
 C = Inter-level travel time spent in this place.
 D = Time resting spent in this place.
 E = Time spent auto-exploring this place.
 F = Levels seen in this place.
 G = Mean time per level.
                   A        B        C        D        E       F      G
               +--------+--------+--------+--------+--------+-----+--------+
         Total |  51003 |  42610 |   8393 |      0 |  26579 |  49 | 1040.9 |
       Dungeon |  15462 |  12741 |   2721 |      0 |   9274 |  15 | 1030.8 |
          Lair |   6543 |   5724 |    819 |      0 |   4150 |   5 | 1308.6 |
         Swamp |   2878 |   2571 |    307 |      0 |   1749 |   4 |  719.5 |
     Snake Pit |   4156 |   3152 |   1004 |      0 |   1934 |   4 | 1039.0 |
  Orcish Mines |   2411 |   1730 |    681 |      0 |   1039 |   2 | 1205.5 |
   Elven Halls |   3869 |   2828 |   1041 |      0 |   1576 |   3 | 1289.7 |
        Vaults |   5212 |   4226 |    986 |      0 |   2874 |   5 | 1042.4 |
        Depths |   6266 |   5435 |    831 |      0 |   3468 |   4 | 1566.5 |
        Bazaar |     61 |     61 |      0 |      0 |      0 |   1 |   61.0 |
       Ossuary |    270 |    270 |      0 |      0 |      0 |   1 |  270.0 |
        Bailey |   1167 |   1167 |      0 |      0 |    161 |   1 | 1167.0 |
      Ice Cave |    683 |    683 |      0 |      0 |     53 |   1 |  683.0 |
       Volcano |    602 |    602 |      0 |      0 |      0 |   1 |  602.0 |
    Desolation |    693 |    693 |      0 |      0 |    298 |   1 |  693.0 |
      Gauntlet |    724 |    724 |      0 |      0 |      0 |   1 |  724.0 |
               +--------+--------+--------+--------+--------+-----+--------+

Top non-repeatable levels by time:
Depths:3: 1928 daAuts
Depths:1: 1808 daAuts
   Orc:1: 1781 daAuts
  Lair:3: 1629 daAuts
  Lair:1: 1594 daAuts
   Elf:3: 1577 daAuts
  Lair:5: 1500 daAuts
Vaults:3: 1491 daAuts
    D:11: 1408 daAuts
     D:9: 1369 daAuts
Depths:4: 1309 daAuts
 Snake:1: 1293 daAuts
     D:5: 1289 daAuts
Vaults:1: 1284 daAuts
   Elf:2: 1270 daAuts
